 Dungeon Crawl Stone Soup version 0.27-a0-1200-g94dc6ad4cf (webtiles) character file.

Game seed: 7333833993434373874

12121 flotson the Skirmisher (level 11, -6/100 HPs)
             Began as a Demonspawn Gladiator on May 31, 2021.
             Was an Initiate of Gozag.
             Mangled by a five-headed hydra (10 damage)
             ... on level 1 of the Lair of Beasts.
             The game lasted 00:24:36 (13101 turns).

flotson the Skirmisher (Demonspawn Gladiator)      Turns: 13101, Time: 00:24:38

Health: -6/100     AC: 18    Str: 17    XL:     11   Next: 58%
Magic:  15/15      EV: 17    Int: 11    God:    Gozag
Gold:   1586       SH: 16    Dex: 35    Spells: 16/16 levels left

rFire    . . .     SeeInvis .   V - +8 dagger "Ziqidu" {vorpal, rElec Dex+6 Stlth-}
rCold    . . .     Faith    .   G - +0 kite shield
rNeg     . . .     Spirit   .   N - +4 ring mail {rPois}
rPois    +         Reflect  .   c - +0 helmet
rElec    +         Harm     .   R - +2 cloak {rPois}
rCorr    .         Rampage  .   C - +2 pair of gloves {Dex+3}
Will     .....                  (no boots)
Stlth    +.........             f - amulet of Vitality {Regen+ HP+15}
HPRegen  1.26/turn              S - +6 ring of dexterity
MPRegen  0.28/turn              v - +6 ring of dexterity

@: no status effects
A: magic regeneration, condensation shield
a: Renounce Religion, Potion Petition, Call Merchant, Bribe Branch


You were on level 1 of the Lair of Beasts.
You worshipped Gozag.
Gozag was most pleased with you.
You visited 2 branches of the dungeon, and saw 12 of its levels.

You collected 1676 gold pieces.
You paid 90 gold pieces to Gozag.

Inventory:

Hand Weapons
 a - a +1 whip of electrocution
 b - a +2 vampiric hand axe
 J - a +0 long sword of flaming
 O - a +1 vampiric battleaxe
 P - a +4 trident
 V - the +8 dagger "Ziqidu" (weapon) {vorpal, rElec Dex+6 Stlth-}
   (You found it on level 10 of the Dungeon)

   It inflicts extra damage upon your enemies.
   It affects your dexterity (+6).
   It insulates you from electricity.
   It makes you less stealthy.
Missiles
 e - 4 poisoned darts
 h - 14 boomerangs (quivered)
 m - 5 curare-tipped darts
 r - 5 throwing nets
 H - 8 datura-tipped darts
Armour
 c - a +0 helmet (worn)
 C - a +2 pair of gloves of dexterity (worn)
 G - a +0 kite shield (worn)
 N - a +4 ring mail of poison resistance (worn)
 R - a +2 cloak of poison resistance (worn)
Jewellery
 f - the amulet of Vitality (around neck) {Regen+ HP+15}
   (You took it off a wight on level 9 of the Dungeon)

   [amulet of regeneration]

   It affects your health (+15).
   It increases your rate of health regeneration.
 p - a ring of willpower
 q - a ring of ice
 v - a +6 ring of dexterity (right hand)
 S - a +6 ring of dexterity (left hand)
Wands
 d - a wand of digging (9)
 t - a wand of flame (97)
 u - a wand of acid (14)
 E - a wand of iceblast (14)
 I - a wand of charming (3)
 Q - a wand of polymorph (4)
Scrolls
 k - 2 scrolls of magic mapping {unknown}
 l - a scroll of summoning {unknown}
 n - a scroll of holy word {unknown}
 o - a scroll of fear {unknown}
 s - 2 scrolls of teleportation
 w - 2 scrolls of brand weapon {unknown}
 x - a scroll of enchant weapon {unknown}
 y - 2 scrolls of amnesia {unknown}
 A - a scroll of fog {unknown}
 F - 2 scrolls of immolation {unknown}
Potions
 j - a potion of invisibility
 z - a potion of flight
 B - 2 potions of berserk rage
 D - a potion of cancellation
 K - 2 potions of heal wounds
 L - a potion of attraction
 M - a potion of magic
 T - a potion of might
 U - 2 potions of curing
 X - a potion of haste
Miscellaneous
 i - a piece from Xom's chessboard (14/15)
 W - a condenser vane (inert)
 Y - a box of beasts (inert)
 Z - a lightning rod (4/4)


   Skills:
 + Level 7.7 Fighting
 + Level 6.6 Axes
 - Level 3.7 Staves
 - Level 6.0 Throwing
 + Level 6.6 Armour
 + Level 7.2 Dodging
 - Level 5.2 Shields
 - Level 3.0 Spellcasting
 - Level 6.0 Evocations


You had 16 spell levels left.
You didn't know any spells.
Your spell library was empty.

Dungeon Overview and Level Annotations

Branches:
Dungeon (10/15)            Temple (0/1) D:6            Lair (2/6) D:9
    Orc (0/2) D:10
  Swamp: Lair:2-4    Shoals: Lair:2-4     Snake: Lair:2-4    Spider: Lair:2-4

Altars:
Ashenzari
Fedhas
Gozag
Nemelex Xobeh
Ru
Trog
Vehumet
The Shining One

Shops:
D:4 :

Annotations:
D:10 Erolcha


Innate Abilities, Weirdness & Mutations

You regenerate magic rapidly.
A meltable shield of frost defends you. (SH +4)


Message History

Unknown command.
You puncture the five-headed hydra!
The five-headed hydra is heavily wounded.
The five-headed hydra bites you!
The five-headed hydra closely misses you.
You block the five-headed hydra's attack. x2
The five-headed hydra bites you.
* * * LOW HITPOINT WARNING * * *
Clouds of poison gas condense around you!
The condenser dries out!
You block the five-headed hydra's attack.
The five-headed hydra closely misses you.
The five-headed hydra bites you but does no damage.
You block the five-headed hydra's attack.
The five-headed hydra misses you.
You puncture the five-headed hydra!
The five-headed hydra is severely wounded.
The five-headed hydra bites you but does no damage.
You block the five-headed hydra's attack. x2
The five-headed hydra barely misses you.
The five-headed hydra bites you but does no damage.
Unknown command.
You open the lid... ...and a juvenile batweird beast flies out!
The box is emptied!
The five-headed hydra misses you.
You block the five-headed hydra's attack.
The five-headed hydra bites you!
* * * LOW HITPOINT WARNING * * *
The five-headed hydra bites you!
* * * LOW HITPOINT WARNING * * *
The five-headed hydra bites you.
* * * LOW HITPOINT WARNING * * *
The five-headed hydra bites you!
* * * LOW HITPOINT WARNING * * *
The five-headed hydra bites you but does no damage.
The five-headed hydra barely misses you.
You block the five-headed hydra's attack.
The five-headed hydra bites you!
You die...
Your body crumbles into a pile of gold.

#........................
#........................
##........................
#P........................
#...####..##....#.#.####..
##..#.##+P##....#.........
#...##..§§§...............
#P...'..§D##..............
##..##..H@##....#......#..
#..#.....+.....#.....P#..
#..########...........P..
#..#.####......#.........
##...............###P.#...
#.........................
###.#.############P###.###
##### ### ###


You could see a five-headed hydra (ally target) and a friendly juvenile batweird
beast (summoned).

Vanquished Creatures
  An orc sorcerer (D:7)
  An elephant (Lair:1)
  Maurice (D:9)
  4 cane toads (Lair:1)
  A rime drake (Lair:2)
  2 komodo dragons (Lair:1)
  A troll (D:9)
  A hornet (D:9)
  5 blink frogs (Lair:2)
  A basilisk (Lair:1)
  Eustachio (D:4)
  2 wyverns
  7 yaks
  4 vampire mosquitoes (D:9)
  7 water moccasins
  3 orc warriors
  2 ice beasts
  2 sky beasts
  3 ogres
  2 black bears (D:6)
  2 necrophages
  5 wolves (Lair:1)
  4 centaurs
  A phantom (D:7)
  7 bullfrogs
  A gnoll sergeant (D:8)
  5 scorpions
  11 killer bees
  3 howler monkeys
  4 wights (D:9)
  2 hounds
  3 jellies
  4 bullfrog skeletons
  6 orc priests
  4 centaur skeletons
  A centaur zombie (D:9)
  4 iguanas
  Terence (D:3)
  A scorpion zombie (D:5)
  Natasha (thrice) (D:2)
  11 orc wizards
  A killer bee zombie (D:8)
  Robin (D:3)
  4 gnolls (D:8)
  8 adders
  A white imp (D:5)
  2 dart slugs
  40 orcs
  11 endoplasms
  3 giant cockroaches
  13 goblins
  9 hobgoblins
  13 jackals
  9 kobolds
  A quokka (D:2)
  8 ball pythons
  2 bats
  5 frilled lizards
  8 rats
273 creatures vanquished.

Vanquished Creatures (others)
  5 fungi
  2 plants (Lair:2)
  7 toadstools (D:1)
14 creatures vanquished.

Grand Total: 287 creatures vanquished

Notes
Turn   | Place    | Note
-------+----------+-------------------------------------------
     0 | D:1      | flotson the Demonspawn Gladiator began the quest for the
                  | Orb.
     0 | D:1      | Reached XP level 1. HP: 16/16 MP: 1/1
   171 | D:1      | Gained mutation: A meltable shield of frost defends you.
                  | (SH +4) [demonic ancestry]
   171 | D:1      | Reached XP level 2. HP: 22/22 MP: 2/2
   578 | D:2      | You fall into a shaft and drop 2 floors!
   579 | D:4      | Noticed a scorpion
   594 | D:4      | Reached skill level 1 in Axes
   594 | D:4      | Reached skill level 1 in Armour
   594 | D:4      | Reached XP level 3. HP: 24/28 MP: 3/3
   598 | D:4      | Killed a scorpion
   599 | D:4      | Reached XP level 4. HP: 29/34 MP: 4/4
   600 | D:4      | Noticed a scorpion
   610 | D:4      | Killed a scorpion
   611 | D:4      | Reached XP level 5. HP: 34/40 MP: 5/5
   882 | D:2      | Noticed Natasha
   897 | D:2      | Killed Natasha
  1147 | D:2      | Noticed Natasha
  1149 | D:2      | Killed Natasha
  1182 | D:2      | Reached XP level 6. HP: 39/47 MP: 6/6
  1604 | D:2      | Noticed Natasha
  1613 | D:2      | Killed Natasha
  1813 | D:3      | Found a broken altar of Ashenzari.
  1853 | D:3      | Found a radiant altar of Vehumet.
  2148 | D:3      | Noticed Robin
  2185 | D:3      | Killed Robin
  2572 | D:3      | Noticed Terence
  2614 | D:3      | Found a faded altar of an unknown god.
  2633 | D:3      | You fall into a shaft and drop 2 floors!
  2633 | D:5      | Entered Level 5 of the Dungeon
  2966 | D:5      | Noticed a water moccasin
  2971 | D:5      | You fall into a shaft and drop 2 floors!
  3251 | D:6      | Noticed a sky beast
  3489 | D:3      | Killed Terence
  3809 | D:4      | Reached skill level 1 in Shields
  3984 | D:4      | Killed a sky beast
  3985 | D:4      | Gained mutation: You regenerate magic rapidly. [demonic
                  | ancestry]
  3985 | D:4      | Reached XP level 7. HP: 33/53 MP: 7/7
  4223 | D:4      | Noticed Eustachio
  4305 | D:4      | Killed Eustachio
  4685 | D:4      | Found Apuon's Book Emporium.
  4820 | D:5      | Reached XP level 8. HP: 61/61 MP: 8/8
  4917 | D:5      | Reached skill level 1 in Evocations
  5133 | D:5      | Found a blossoming altar of Fedhas.
  5501 | D:5      | Found a sacrificial altar of Ru.
  5501 | D:5      | Found a bloodstained altar of Trog.
  5501 | D:5      | Found an opulent altar of Gozag.
  5508 | D:5      | Became a worshipper of Gozag Ym Sagoz the Greedy
  5949 | D:6      | Reached skill level 5 in Fighting
  5972 | D:6      | Reached skill level 5 in Dodging
  6136 | D:6      | Reached XP level 9. HP: 65/68 MP: 9/9
  6264 | D:6      | Found a staircase to the Ecumenical Temple.
  7223 | D:7      | Noticed an orc sorcerer
  7227 | D:7      | Noticed a sixfirhy
  7230 | D:7      | Killed an orc sorcerer
  7385 | D:7      | Reached skill level 5 in Axes
  7678 | D:7      | Reached skill level 5 in Armour
  8295 | D:7      | Reached XP level 10. HP: 50/76 MP: 10/10
 10336 | D:9      | Found a sparkling altar of Nemelex Xobeh.
 10339 | D:9      | Found a staircase to the Lair.
 10771 | D:9      | Noticed Maurice
 10783 | D:9      | Killed Maurice
 10784 | D:9      | Reached skill level 5 in Shields
 11496 | D:9      | Reached skill level 5 in Throwing
 11595 | D:10     | Entered Level 10 of the Dungeon
 11707 | D:10     | Reached skill level 5 in Evocations
 11737 | D:10     | Noticed Erolcha
 11790 | D:10     | Identified the +8 dagger "Ziqidu" {vorpal, rElec Dex+6
                  | Stlth-}
 11797 | D:10     | Found a staircase to the Orcish Mines.
 11854 | Lair:1   | Entered Level 1 of the Lair of Beasts
 11856 | Lair:1   | Noticed a cane toad
 11859 | Lair:1   | Reached skill level 1 in Spellcasting
 11866 | Lair:1   | Killed a cane toad
 11873 | Lair:1   | Reached XP level 11. HP: 84/84 MP: 11/13
 13056 | Lair:2   | Noticed a five-headed hydra
 13101 | Lair:1   | HP: 4/100 [five-headed hydra (11)]
 13101 | Lair:1   | Mangled by a five-headed hydra

Illustrated notes

Levels and vault maps discovered:
D:1:      nagdon_arrival_double_spiral, layout_rooms, st_stairs_1
D:2:      layout_loops_ring, minmay_tree_intersection, uniq_natasha
D:3:      layout_rooms, lemuel_doored_altar, nicolae_vehumet_radiance,
          basic_ecumenical_altar, serial_corexii_hall, corexii_hall_statues_u,
          corexii_hall_statues_x, minmay_shallow_snake_nest, uniq_terence,
          uniq_robin
D:4:      layout_rooms, serial_shops, shop, uniq_eustachio
D:5:      layout_loops_ring, kennysheep_little_box,
          gammafunk_temple_overflow_claw, grunt_decor_resistance,
          kennysheep_small_spiral
D:6:      layout_cave_pods, minmay_temple_entry_drinking_statues
D:7:      cheibrodos_wizards_tower, layout_loops_ring, general_overflow_altar
D:8:      layout_basic, hellmonk_bongcloud_opening, minivault_10
D:9:      layout_irregular_city, lemuel_tele_altar, lair_entry_dummy,
          uniq_maurice
D:10:     layout_basic, orc_0_dummy, serial_glass, glass_columns_b,
          glass_columns_c, uniq_sonja, uniq_erolcha, uniq_fannar, uniq_joseph
Lair:1:   layout_regular_city, nzn_random_ring
Lair:2:   layout_gridlike, grunt_megastairs_3

Skill      XL: |  1  2  3  4  5  6  7  8  9 10 11 |
---------------+----------------------------------+-----
Throwing       | 2 3 4 5 6 |  6.0
Axes           | 1 2 3 4 5 6 |  6.6
Staves         | 3 |  3.7
Armour         | 1 2 3 4 5 6 |  6.6
Dodging        | 3 4 5 6 7 |  7.2
Fighting       | 3 4 5 6 7 |  7.7
Shields        | 1 2 3 4 5 |  5.2
Evocations     | 2 4 5 6 |  6.0
Spellcasting   | 1 3 |  3.0

Action                   |  1- 3 |  4- 6 |  7- 9 | 10-12 || total
-------------------------+-------+-------+-------+-------++-------
Melee: Whip              |    50 |   255 |   369 |   238 ||   912
       Hand axe          |     6 |       |    64 |       ||    70
       Battleaxe         |       |       |       |   229 ||   229
       Dagger            |       |       |       |     8 ||     8
Throw: Dart              |       |     6 |     6 |       ||    12
       Throwing net      |       |     5 |       |       ||     5
       Boomerang         |       |     4 |       |       ||     4
Evoke: Piece from Xom's  |       |       |       |     5 ||     5
       Box of beasts     |       |       |       |     1 ||     1
       Condenser vane    |       |       |       |     1 ||     1
  Use: Potion            |     3 |       |     3 |     1 ||     7
       Scroll            |       |     2 |     3 |     9 ||    14
 Stab: Distracted        |       |       |     1 |     3 ||     4
       Paralysed         |       |       |       |     7 ||     7
       Sleeping          |       |       |       |     1 ||     1
Armor: Ring mail         |    24 |    61 |       |   175 ||   260
       Leather armour    |     2 |       |       |       ||     2
       Skin              |    32 |     3 |    59 |       ||    94
       Scale mail        |       |    12 |   123 |    35 ||   170
Dodge: Dodged            |    33 |   110 |   135 |   366 ||   644
Block: Other             |    14 |    12 |       |    54 ||    80
       Buckler           |       |   101 |   280 |    33 ||   414
       Kite shield       |       |       |       |   235 ||   235

Table legend: (Time is in decaauts)
 A = Elapsed time spent in this place.
 B = Non-inter-level travel time spent in this place.
 C = Inter-level travel time spent in this place.
 D = Time resting spent in this place.
 E = Time spent auto-exploring this place.
 F = Levels seen in this place.
 G = Mean time per level.
                   A        B        C        D        E       F      G
               +--------+--------+--------+--------+--------+-----+--------+
         Total |  13187 |  12728 |    459 |    440 |   9720 |  12 | 1098.9 |
       Dungeon |  11867 |  11497 |    370 |    440 |   8869 |  10 | 1186.7 |
          Lair |   1319 |   1231 |     88 |      0 |    851 |   2 |  659.5 |
               +--------+--------+--------+--------+--------+-----+--------+

Top non-repeatable levels by time:
     D:7: 1729 daAuts
     D:8: 1672 daAuts
     D:6: 1393 daAuts
     D:5: 1358 daAuts
     D:4: 1354 daAuts
     D:3: 1343 daAuts
     D:9: 1341 daAuts
  Lair:1: 1117 daAuts
     D:2: 960 daAuts
     D:1: 500 daAuts
    D:10: 215 daAuts
  Lair:2: 202 daAuts
